[Event "45th FIDE Olympiad 2024"]
[Site "Budapest"]
[Date "2024.09.12"]
[Round "2.7"]
[White "Maharaj, Yash Krishen"]
[Black "Michel Yunis, Christian D."]
[Result "0-1"]
[ECO "B81"]
[WhiteElo "1847"]
[BlackElo "2220"]
[Annotator "ChessBase"]
[PlyCount "76"]
[EventDate "2024.09.05"]
[EventType "team-tourn"]
[EventCountry "HUN"]
[SourceTitle "playchess.com"]
[Source "ChessBase"]
[SourceQuality "1"]
[WhiteTeam "Fiji"]
[BlackTeam "Palestine"]
[WhiteTeamCountry "FIJ"]
[BlackTeamCountry "PLE"]
[TimeControl "40/5400+30:1800+30"]

1. e4 c5 2. Nf3 e6 3. d4 cxd4 4. Nxd4 Nf6 5. Nc3 d6 6. g4 h6 7. Rg1 Nc6 8. Be3 a6 9. Nxc6 bxc6 10. Qf3 Rb8 11. Bc4 d5 12. O-O-O Qa5 13. Bb3 Be7 14. h4 Nd7 15. g5 h5 16. exd5 cxd5 17. Rge1 Nc5 18. Bd4 Nxb3+ 19. cxb3 Kf8 20. Qg3 Rb7 21. Qe5 f6 22. Qf4 Kf7 23. Rd3 Rb4 24. Rf3 Ke8 25. Qe3 Rf8 26. gxf6 gxf6 27. Qd3 Kd8 28. Na4 Rxd4 29. Qxd4 Qxe1+ 30. Qd1 Qxd1+ 31. Kxd1 e5 32. Rc3 Bg4+ 33. f3 d4 34. Rd3 Bf5 35. Rd2 Rg8 36. Rf2 Rg1+ 37. Ke2 Bb4 38. Rh2 d3+ 0-1

[Event "45th FIDE Olympiad 2024"]
[Site "Budapest"]
[Date "2024.09.12"]
[Round "2.8"]
[White "Fernandez Sanchez, Fernando Miguel"]
[Black "Gledura, Benjamin"]
[Result "0-1"]
[ECO "D35"]
[WhiteElo "2399"]
[BlackElo "2628"]
[Annotator "TA"]
[PlyCount "80"]
[EventDate "2024.09.05"]
[EventType "team-tourn"]
[EventCountry "HUN"]
[SourceTitle "playchess.com"]
[Source "ChessBase"]
[SourceQuality "1"]
[WhiteTeam "Peru"]
[BlackTeam "Hungary"]
[WhiteTeamCountry "PER"]
[BlackTeamCountry "HUN"]
[TimeControl "40/5400+30:1800+30"]

1. d4 Nf6 2. c4 e6 3. Nf3 d5 4. cxd5 exd5 5. Nc3 c6 6. Bf4 Bf5 7. e3 Nbd7 8. h3 Be7 9. Bd3 Bxd3 10. Qxd3 O-O 11. O-O Re8 12. Rab1 Bf8 13. Ne5 Nxe5 14. Bxe5 {[%emt 0:00:04] The position is equal.} Nd7 15. Bh2 a5 16. Rfc1 a4 17. Qd1 Qa5 18. Rc2 Nb6 19. b3 axb3 20. axb3 Qb4 21. Ne2 Ra3 22. Nc1 Nd7 23. Nd3 Qb5 24. Rcc1 h6 25. Qc2 Rea8 26. Be5 Ra2 27. Qc3 Qa5 28. Qxa5 R8xa5 29. b4 Rb5 30. Bc7 Nf6 31. Ra1 $1 Rd2 32. Nc5 (32. Ra3 $1 $11 {was preferrable.}) 32... Bxc5 (32... Rxb4 $2 33. Ba5 Bxc5 34. Rxc5 $18) (32... Kh7 $15) 33. dxc5 (33. bxc5 Rbb2 34. Rcb1 Rxf2 35. Rxb2 Rxb2 $19) (33. Rxc5 $11 Rxc5 (33... Rxb4 34. Ba5 $16) 34. bxc5) 33... d4 (33... Rxb4 34. Ba5 Rbb2 35. Bxd2 Rxd2 36. Rcb1 $18) 34. exd4 Nd5 $36 {[%emt 0:01:24][%mdl 2048] White is under strong pressure.} (34... Rxd4 $2 35. Ra8+ Kh7 36. Ba5 $17) (34... Rxb4 $2 {perishes.} 35. Ba5 Rdxd4 36. Bxb4 Rxb4 37. Rab1 (37. Rcb1 Rxb1+ 38. Rxb1 Ne4 $18) 37... Rxb1 38. Rxb1 $18) 35. Ra8+ Kh7 36. Ba5 Nxb4 {[%emt 0:02:39] Black has more active pieces.} 37. Rc4 $2 {[%emt 0:00:56][%mdl 8192] [#] Now White is beyond hope.} (37. Ra7 $15) 37... Ra2 $19 ({Resist} 37... Rd1+ 38. Kh2 Nd5 39. Ra4) 38. Ra7 $2 (38. Bxb4 {might work better.} Rxa8 39. Bd2) 38... Nd5 {[%emt 0:02:35][%cal Ob5b2] ...Rbb2! would now be deadly. Black is clearly winning.} (38... Raxa5 39. Rxa5 Rxa5 40. Rxb4 $11) 39. Bb6 Rb1+ ({Not} 39... Nxb6 40. cxb6 Rxa7 41. bxa7 $11) 40. Kh2 Rxf2 {[%emt 0:00:14] Weighted Error Value: White=0.50/Black=0.08 (flawless) .  Loses game:     	White=1     	---        Mistake:       	White=3     	Black=1      Inaccurate:     	White=3     	Black=3      OK:         	White=8     	Black=7      Best:        	White=1     	Black=3      Strong:       	White=1     	---} 0-1

[Event "45th FIDE Olympiad 2024"]
[Site "Budapest"]
[Date "2024.09.12"]
[Round "2.8"]
[White "Abdel Wahab, Ahmad"]
[Black "Prakash, Prashil"]
[Result "1-0"]
[ECO "E61"]
[WhiteElo "1995"]
[BlackElo "1745"]
[Annotator "NA"]
[PlyCount "63"]
[EventDate "2024.09.05"]
[EventType "team-tourn"]
[EventCountry "HUN"]
[SourceTitle "playchess.com"]
[Source "ChessBase"]
[SourceQuality "1"]
[WhiteTeam "Palestine"]
[BlackTeam "Fiji"]
[WhiteTeamCountry "PLE"]
[BlackTeamCountry "FIJ"]
[TimeControl "40/5400+30:1800+30"]

1. d4 d6 2. c4 Nf6 3. Nc3 g6 4. e4 c6 5. Be2 Qa5 6. Qc2 Bg7 7. Nf3 Nbd7 8. O-O O-O 9. Rd1 a6 10. a3 c5 11. dxc5 Qxc5 12. Be3 Qc7 13. Rac1 Ng4 14. Bg5 Nde5 15. Nd5 Qc5 16. Nxe7+ Kh8 17. Bh4 f5 18. b4 Qa7 19. exf5 Bxf5 20. Nxf5 Rxf5 21. Rxd6 Nxf3+ 22. Bxf3 Nxh2 23. Kxh2 Be5+ 24. Bg3 Bxd6 25. Bxd6 Qd4 26. Rd1 Qh4+ 27. Kg1 Re8 28. Qc3+ Qf6 29. Qxf6+ Rxf6 30. Bxb7 Rd8 31. c5 Re6 32. Be5+ 1-0

[Event "45th FIDE Olympiad 2024"]
[Site "Budapest"]
[Date "2024.09.12"]
[Round "2.9"]
[White "Stefansson, Vignir Vatnar"]
[Black "Gukesh, D."]
[Result "0-1"]
[ECO "E10"]
[WhiteElo "2531"]
[BlackElo "2764"]
[Annotator "TA"]
[PlyCount "80"]
[EventDate "2024.09.05"]
[EventType "team-tourn"]
[EventCountry "HUN"]
[SourceTitle "playchess.com"]
[Source "ChessBase"]
[SourceQuality "1"]
[WhiteTeam "Iceland"]
[BlackTeam "India"]
[WhiteTeamCountry "ISL"]
[BlackTeamCountry "IND"]
[TimeControl "40/5400+30:1800+30"]

1. d4 Nf6 2. c4 e6 3. Nf3 h6 4. g3 Bb4+ 5. Bd2 Be7 6. Bg2 {[%emt 0:00:10] E10: Blumenfeld Gambit.} O-O 7. O-O d5 8. Qc2 c6 9. Rd1 Nbd7 10. Bf4 a5 11. Nc3 dxc4 12. Nd2 {[%emt 0:00:26] 12.e4 is not played anymore.} Nd5 13. Nxc4 Nxf4 14. gxf4 Nf6 15. Ne5 Bd7 16. e3 Be8 $146 ({Predecessor:} 16... Qc7 17. Rac1 Rad8 18. Qb3 Be8 19. f5 Nd7 20. Nxf7 Bxf7 21. fxe6 Bh5 22. Nd5 Nc5 23. Nxc7 Nxb3 24. axb3 Bxd1 25. Rxd1 {0-1 Nguyen,T (2013)-Gorti,A (2261) Philadelphia op 11th 2017 (7)}) 17. Kh1 Kh8 18. Rg1 Rc8 19. Rad1 Bd6 20. Bf3 Qe7 21. Na4 Rc7 (21... c5 {seems wilder.} 22. Nb6 Rc7 23. d5 c4) 22. Nd3 Qd8 23. Rc1 Nd5 24. a3 f6 25. Qd2 g5 26. Qxa5 Bg6 27. Qd2 Qe8 28. Nac5 Rg7 29. Qe2 Rfg8 30. Rce1 Bb8 31. Qd2 Bh7 32. Qd1 b6 33. Nb3 g4 34. Bg2 Qh5 (34... h5 $15) 35. Qd2 $2 (35. Nbc1 $11 {and White has nothing to worry.}) 35... g3 $19 36. fxg3 Rxg3 37. e4 $2 (37. Qe2 Rxg2 (37... Qxe2 $2 38. Rxe2 Bxd3 39. hxg3 $19) 38. Rxg2 (38. Qxh5 $2 {too greedy.} Rxg1+ 39. Rxg1 Be4+ $19)) 37... R8g4 $19 38. Qe2 Nxf4 39. Nxf4 Bxf4 40. Bf3 Rxf3 0-1

[Event "45th FIDE Olympiad 2024"]
[Site "Budapest"]
[Date "2024.09.12"]
[Round "2.9"]
[White "Mesfin, Leykun"]
[Black "Khalema, Sechaba"]
[Result "1-0"]
[ECO "C84"]
[WhiteElo "2118"]
[BlackElo "1779"]
[Annotator "NA"]
[PlyCount "63"]
[EventDate "2024.09.05"]
[EventType "team-tourn"]
[EventCountry "HUN"]
[SourceTitle "playchess.com"]
[Source "ChessBase"]
[SourceQuality "1"]
[WhiteTeam "Ethiopia"]
[BlackTeam "Lesotho"]
[WhiteTeamCountry "ETH"]
[BlackTeamCountry "LES"]
[TimeControl "40/5400+30:1800+30"]

1. e4 e5 2. Nf3 Nc6 3. Bb5 a6 4. Ba4 Nf6 5. d3 d6 6. c3 Be7 7. O-O O-O 8. Re1 Nd7 9. d4 exd4 10. cxd4 b5 11. Bc2 Nb4 12. Bb3 c5 13. a3 Nc6 14. Nc3 Nb6 15. d5 Na5 16. Bc2 Bg4 17. h3 Bxf3 18. Qxf3 Bf6 19. Qd3 g6 20. Bh6 Re8 21. f4 Nac4 22. b3 Nxa3 23. e5 Nxc2 24. Qxc2 dxe5 25. Ne4 Nd7 26. Rad1 exf4 27. Bxf4 Bd4+ 28. Kh1 a5 29. Bg5 Qb6 30. Rxd4 cxd4 31. Qc6 Rxe4 32. Qxa8+ 1-0

[Event "45th FIDE Olympiad 2024"]
[Site "Budapest"]
[Date "2024.09.12"]
[Round "2.10"]
[White "Erigaisi, Arjun"]
[Black "Stefansson, Hannes"]
[Result "1-0"]
[ECO "D02"]
[WhiteElo "2778"]
[BlackElo "2471"]
[Annotator "TA"]
[PlyCount "75"]
[EventDate "2024.09.05"]
[EventType "team-tourn"]
[EventCountry "HUN"]
[SourceTitle "playchess.com"]
[Source "ChessBase"]
[SourceQuality "1"]
[WhiteTeam "India"]
[BlackTeam "Iceland"]
[WhiteTeamCountry "IND"]
[BlackTeamCountry "ISL"]
[TimeControl "40/5400+30:1800+30"]

1. d4 Nf6 2. Nf3 e6 3. Bf4 d5 4. e3 Bd6 5. Ne5 O-O 6. Bd3 c5 7. c3 b6 8. Nd2 Ba6 9. Bxa6 Nxa6 {[%emt 0:00:06] The position is equal.} 10. h4 Qc7 11. h5 Ne4 (11... cxd4 $11 12. exd4 h6) 12. Nxe4 dxe4 13. Qg4 cxd4 14. exd4 $40 {[%emt 0:00:12][%cal Be3d4,Bd4c5,Bc5b6,Bb6c7][%mdl 160] White attacks.} Rae8 15. Rd1 {[%emt 0:09:22] [#]} (15. h6 $5 g6 16. Rh4 $16) 15... Nc5 $2 16. Qg3 $2 {[%emt 0:10:46] White is much more active.} ({Better is} 16. h6 $1 $16 g6 17. Nxg6 fxg6 18. Bxd6 Qxd6 19. dxc5 Qxc5 20. Qg3 (20. Qxe4 $2 Qxf2#)) 16... f6 $2 (16... Nb7 $1 $15 {stays ahead.}) 17. dxc5 $16 fxe5 18. cxb6 exf4 (18... axb6 $142 19. Be3 Rf5) 19. bxc7 fxg3 20. Rxd6 gxf2+ {[%emt 0:00:43][%mdl 4096] Endgame. KRR-KRR} 21. Ke2 {[%emt 0:00:05] Rd7 would now be deadly.} Re7 22. Rc6 Rc8 23. Kxf2 Rcxc7 24. Rxc7 Rxc7 $18 {[%emt 0:00:04] KR-KR} 25. Ke3 Rd7 26. a4 Rd3+ (26... Kf7 $142 27. g4 (27. Kxe4 Rd2 $16) 27... a5) 27. Kxe4 Rd2 28. b4 Rxg2 29. Rd1 {[%emt 0:03:56] [#] And now Rd8+ would win.} Rg3 $2 (29... Re2+ 30. Kf3 Rc2) 30. Rd3 Rxd3 (30... Rg4+ $18 31. Ke5 Rh4 32. Rd8+ (32. Kxe6 Re4+ 33. Kd5 Rh4 $18) 32... Kf7 33. Rd7+ Ke8 34. Rxa7 (34. Rxg7 Rxh5+ 35. Kxe6 Rh6+ 36. Kd5 Rh3 $18) 34... g6) 31. Kxd3 {[%emt 0:00:05] Intending a5 and mate. KP-KP} Kf7 32. Ke4 {[%emt 0:00:11] White mates.} g5 33. hxg6+ hxg6 34. b5 Ke7 35. Ke5 g5 36. c4 Kd7 37. c5 a5 38. bxa6 {[%emt 0:00:42] Weighted Error Value: White=0.17 (very precise) /Black=0.59.  Mistake:       	White=1     	Black=7      Inaccurate:     	White=2     	Black=1      OK:         	White=9     	Black=6      Best:        	White=2     	Black=1} 1-0

[Event "45th FIDE Olympiad 2024"]
[Site "Budapest"]
[Date "2024.09.12"]
[Round "2.10"]
[White "Thabang, Mphane"]
[Black "Birhanu, Tegegn Mehadem"]
[Result "0-1"]
[ECO "A13"]
[WhiteElo "1799"]
[BlackElo "2077"]
[Annotator "NA"]
[PlyCount "78"]
[EventDate "2024.09.05"]
[EventType "team-tourn"]
[EventCountry "HUN"]
[SourceTitle "playchess.com"]
[Source "ChessBase"]
[SourceQuality "1"]
[WhiteTeam "Lesotho"]
[BlackTeam "Ethiopia"]
[WhiteTeamCountry "LES"]
[BlackTeamCountry "ETH"]
[TimeControl "40/5400+30:1800+30"]

1. Nf3 Nf6 2. c4 e6 3. g3 d5 4. Bg2 c6 5. O-O dxc4 6. Ne5 Qd4 7. Nf3 Qc5 8. a4 Be7 9. Qc2 e5 10. Nc3 O-O 11. Ne4 Nxe4 12. Qxe4 Bf6 13. e3 Be6 14. b3 Qd5 15. Qc2 cxb3 16. Qb1 Qd7 17. Bb2 Qc7 18. d3 Nd7 19. Ba3 Rfe8 20. Nd2 Qb6 21. Rc1 Be7 22. Nc4 Bxc4 23. Rxc4 Rad8 24. Qb2 Bxa3 25. Qxa3 Nf6 26. Rb4 Qc7 27. Qxb3 Re7 28. Rb1 b6 29. Rc1 Re6 30. a5 c5 31. Rb5 Red6 32. Rcxc5 bxc5 33. Rb7 c4 34. dxc4 Qxa5 35. c5 R6d7 36. c6 Rc7 37. Qd3 Rxb7 38. cxb7 Rxd3 39. b8=Q+ Rd8 0-1

[Event "45th FIDE Olympiad 2024"]
[Site "Budapest"]
[Date "2024.09.12"]
[Round "2.11"]
[White "Heimisson, Hilmir Freyr"]
[Black "Vidit, Santosh Gujrathi"]
[Result "0-1"]
[ECO "B12"]
[WhiteElo "2391"]
[BlackElo "2720"]
[Annotator "TA"]
[PlyCount "78"]
[EventDate "2024.09.05"]
[EventType "team-tourn"]
[EventCountry "HUN"]
[SourceTitle "playchess.com"]
[Source "ChessBase"]
[SourceQuality "1"]
[WhiteTeam "Iceland"]
[BlackTeam "India"]
[WhiteTeamCountry "ISL"]
[BlackTeamCountry "IND"]
[TimeControl "40/5400+30:1800+30"]

1. e4 c6 2. d4 d5 3. e5 Bf5 4. Nd2 e6 5. Nb3 Nd7 6. Nf3 Ne7 7. Be2 h6 8. O-O Bh7 {[%emt 0:05:43] The position is equal.} 9. a4 a5 10. Bd2 Nc8 11. Rc1 Be7 12. Qe1 b6 13. h3 O-O 14. c4 Be4 15. Nh2 c5 16. f3 dxc4 $1 17. Bxc4 Bc6 (17... Bh7 $11 {feels stronger.}) 18. Ng4 (18. f4 $14) 18... h5 $11 19. Nf2 Bxa4 20. Qe4 Ra7 21. g4 h4 (21... Bg5 $15 {might be stronger.}) 22. d5 (22. f4 $11) 22... exd5 (22... Nxe5 {seems wilder.} 23. Qxe5 Bf6 24. Qf4 exd5 25. Bxd5 Bxb2 26. Rb1 Qxd5 27. Qxa4 Be5) 23. Bxd5 {[%emt 0:00:41] [#]} c4 $1 24. Bxc4 {[%emt 0:14:53] [#]} Nxe5 25. Qxe5 {[%emt 0:01:12] Ne4 would now be deadly.} Bxb3 26. Bxb3 Qxd2 27. Bxf7+ Kxf7 $19 28. Rxc8 Rxc8 29. Qf5+ Bf6 30. Qxc8 Re7 {[%emt 0:02:08] Active counter play!} ({Much worse is} 30... Qxb2 $6 31. Qc4+ Kf8 32. Qc8+ Kf7 33. Qc4+ Kg6 34. Qe4+ Kf7 35. Qc4+ $11) ({Black should try} 30... Bd4 $1 $17 {[%cal Og7g6] Threatens to win with ...g6!} 31. Kg2 g6 (31... Bxb2 32. Qc4+ Ke7 33. Qe4+ Kf8 34. Rd1 $18)) 31. Ne4 Qf4 (31... Qxb2 32. Nd6+ Kg6 33. Qf5+ Kh6 34. Qh5#) 32. Qc6 Be5 33. Rf2 {[%emt 0:00:47] [#] Wards off Qh2+. This move loses the game for White.} (33. Rd1 $11 {and White stays safe.}) 33... Rc7 $1 $40 {[%emt 0:00:28][%mdl 128] White is in trouble.} 34. Qd5+ {[%emt 0:01:05] [#]} Ke7 $1 {[%emt 0:00:46] ( -> ...Rc1+)} 35. Rd2 $2 (35. Kf1) 35... Rc1+ {[%emt 0:00:36] Black is clearly winning.} 36. Kf2 Qh2+ 37. Ke3 Bf4+ ({Stronger than} 37... Qxh3 38. Qxe5+ (38. Qd8+ Kf7 39. Rd7+ Kg6 40. Qe8+ Kh7 41. Qh5+ Kg8 42. Rd8#) 38... Kf8 39. Rd8+ Kf7 40. Qe8#) 38. Kd3 Bxd2 39. Qd4 Bh6 {[%emt 0:00:52] Weighted Error Value: White=0.77/Black=0.14 (very precise) .  Loses game:     	White=1     	---        Mistake:       	White=4     	Black=3      Inaccurate:     	White=5     	Black=1      OK:         	White=13    	Black=6      Best:        	---       	Black=5      Strong:       	---       	Black=3      Brilliant:      	---       	Black=1} 0-1

[Event "45th FIDE Olympiad 2024"]
[Site "Budapest"]
[Date "2024.09.12"]
[Round "2.11"]
[White "Tsige, Addisalem Temesgen"]
[Black "Tsephe, Lebajoa"]
[Result "1/2-1/2"]
[ECO "D00"]
[WhiteElo "2068"]
[BlackElo "1900"]
[Annotator "NA"]
[PlyCount "102"]
[EventDate "2024.09.05"]
[EventType "team-tourn"]
[EventCountry "HUN"]
[SourceTitle "playchess.com"]
[Source "ChessBase"]
[SourceQuality "1"]
[WhiteTeam "Ethiopia"]
[BlackTeam "Lesotho"]
[WhiteTeamCountry "ETH"]
[BlackTeamCountry "LES"]
[TimeControl "40/5400+30:1800+30"]

1. d4 d5 2. Bf4 e6 3. e3 Bd6 4. Bxd6 Qxd6 5. Qg4 Kf8 6. Nc3 Nf6 7. Qh4 a6 8. Nf3 Nbd7 9. O-O-O b5 10. e4 dxe4 11. Nxe4 Qe7 12. Ne5 Bb7 13. Ng5 Nxe5 14. dxe5 Nd5 15. Nxh7+ Kg8 16. Qxe7 Nxe7 17. Rd7 Nd5 18. Ng5 Rf8 19. c4 Bc6 20. Rxf7 Rxf7 21. Nxf7 Kxf7 22. cxd5 Bxd5 23. a3 Rh5 24. Kd2 Rxe5 25. f3 Ke7 26. Be2 Bb3 27. h4 c5 28. h5 Bd5 29. g4 Bc6 30. Rh2 Rd5+ 31. Ke3 e5 32. Bd3 Rd6 33. Be4 Be8 34. g5 Bf7 35. h6 gxh6 36. gxh6 Rd8 37. h7 Rh8 38. Rh6 Be6 39. Rh2 c4 40. Rg2 Kf6 41. Kd2 a5 42. Ke3 b4 43. f4 exf4+ 44. Kxf4 c3 45. axb4 axb4 46. bxc3 bxc3 47. Rc2 Bg8 48. Rxc3 Bxh7 49. Rc6+ Kg7 50. Rc7+ Kh6 51. Rc6+ Kg7 1/2-1/2

[Event "45th FIDE Olympiad 2024"]
[Site "Budapest"]
[Date "2024.09.12"]
[Round "2.12"]
[White "Harikrishna, Pentala"]
[Black "Gretarsson, Helgi Ass"]
[Result "1-0"]
[ECO "D15"]
[WhiteElo "2686"]
[BlackElo "2450"]
[Annotator "TA"]
[PlyCount "115"]
[EventDate "2024.09.05"]
[EventType "team-tourn"]
[EventCountry "HUN"]
[SourceTitle "playchess.com"]
[Source "ChessBase"]
[SourceQuality "1"]
[WhiteTeam "India"]
[BlackTeam "Iceland"]
[WhiteTeamCountry "IND"]
[BlackTeamCountry "ISL"]
[TimeControl "40/5400+30:1800+30"]

1. d4 d5 2. Nf3 Nf6 3. c4 c6 4. Nc3 a6 5. a4 e6 6. Bg5 Be7 7. e3 {[%emt 0:02:44] D15: Slav Defence: 4 Nc3 a6 and gambit lines after 4 Nc3 dxc4.} a5 8. Bd3 Na6 9. O-O Nb4 10. Bb1 b6 11. cxd5 $146 ({Predecessor:} 11. e4 dxe4 12. Nxe4 Ba6 13. b3 Nxe4 14. Bxe7 Qxe7 15. Bxe4 Rd8 16. Qd2 c5 17. Rad1 cxd4 {½-½ Knaak,R (2486)-Kindermann,S (2532) Bundesliga 0607 2006 (2.8)}) 11... cxd5 12. Bd3 O-O 13. Rc1 Bb7 14. Nb5 Rc8 15. Rxc8 Qxc8 16. Ne5 Qd8 17. Bf4 Ne4 18. Bb1 Ba6 19. Qe2 f6 20. Nd3 Bxb5 21. axb5 Qd7 22. f3 Nd6 23. Nxb4 axb4 24. Bd3 Rc8 25. Bg3 Nf7 26. Bf2 Bd6 27. e4 g6 28. Be3 Kg7 29. f4 dxe4 30. Bxe4 Bb8 31. Bc6 Qd6 32. d5 Bc7 33. Qc4 (33. Qg4 $16 f5 34. Bd4+ Kg8 35. Qg3) 33... e5 $14 34. f5 Qe7 35. Qg4 g5 36. Qe4 Rb8 37. g3 Bd6 38. Rc1 Qa7 39. Qc4 Rc8 40. Kg2 Nd8 $2 (40... h5 $11 {and Black has nothing to worry.}) 41. Qf1 (41. h4 $18 g4 42. Qxg4+ Kh8 43. Bh6) 41... Qa2 42. Qe2 (42. Bxb6 $6 Qxb2+ 43. Bf2 b3 $11) 42... Rb8 43. Qd2 (43. h4 $18 gxh4 44. Qg4+ (44. gxh4 Kh8 $11) 44... Kh8 45. Bh6 (45. gxh4 $2 Nxc6 46. bxc6 Rg8 $19) (45. Qxh4 Qxb2+ 46. Kf1 e4 $11)) 43... Nf7 44. Bd7 $1 e4 45. Be6 Qb3 $2 (45... Ne5 $16) 46. Rc7 Rf8 47. Rb7 $2 (47. Qe2 $18 {and White stays clearly on top.} Bxc7 48. d6) 47... Bc5 $16 48. Bxc5 Qf3+ 49. Kg1 bxc5 {[%emt 0:00:03] [#]} 50. Qf2 ({Better is} 50. Qe1 $1 $16 {And now b6 would win.} e3 51. Re7) 50... Qd1+ $11 51. Kg2 Qd3 52. b6 (52. Qxc5 $2 Qf3+ 53. Kg1 e3 $19) (52. Rxf7+ $2 Rxf7 53. Bxf7 e3 $19 (53... Kxf7 54. Qxc5 Qd2+ 55. Kh3 $11)) 52... e3 53. Qf3 Qd2+ 54. Kh3 $2 (54. Kf1 $11 Qc1+ 55. Kg2 Qd2+ (55... Qxb2+ 56. Kh3 $16) 56. Kf1) 54... Qe1 $4 {[%emt 0:00:07][%mdl 8192] [#]} ({Worse is} 54... Qxb2 55. Qh5 (55. Qxe3 h5 $18) 55... Kh8 56. Rxf7 Rxf7 57. Qxf7 g4+ 58. Kxg4 Qe2+ 59. Kh3 Qf1+ 60. Kh4) (54... e2 $19 55. Bxf7 Kh8 (55... e1=R 56. Be6+) (55... Rxf7 56. Rxf7+ Kxf7 57. b7 $11)) 55. Bxf7 $1 Rxf7 56. Rxf7+ Kxf7 57. b7 e2 58. Qh5+ (58. b8=B {is a self mate.} Qf1+ 59. Qg2 e1=Q (59... g4+ {leads to mate.} 60. Kxg4 Qxg2 61. h3 h5+ 62. Kh4 e1=N 63. g4 Nf3+ 64. Kxh5 Qxh3#) (59... g4+ 60. Kxg4 Qxg2 61. h4 e1=Q 62. Kh5 Kg7 63. Kg4 Qee4+ 64. Bf4 Qef3#)) 1-0

[Event "45th FIDE Olympiad 2024"]
[Site "Budapest"]
[Date "2024.09.12"]
[Round "2.12"]
[White "Motlomelo, Lihloela"]
[Black "Kebede, Yoseph Kifle"]
[Result "1-0"]
[ECO "B49"]
[WhiteElo "1696"]
[BlackElo "2037"]
[Annotator "NA"]
[PlyCount "118"]
[EventDate "2024.09.05"]
[EventType "team-tourn"]
[EventCountry "HUN"]
[SourceTitle "playchess.com"]
[Source "ChessBase"]
[SourceQuality "1"]
[WhiteTeam "Lesotho"]
[BlackTeam "Ethiopia"]
[WhiteTeamCountry "LES"]
[BlackTeamCountry "ETH"]
[TimeControl "40/5400+30:1800+30"]

1. e4 c5 2. Nf3 e6 3. d4 cxd4 4. Nxd4 Nc6 5. Nc3 Qc7 6. Be3 a6 7. Be2 b5 8. O-O Bb7 9. f4 Na5 10. e5 Nc4 11. Bxc4 Qxc4 12. Qd3 Rc8 13. Rad1 Ne7 14. Qd2 Nd5 15. Nxd5 Bxd5 16. b3 Qc3 17. Qf2 g6 18. f5 exf5 19. Nxf5 Qxc2 20. Rxd5 Qxf2+ 21. Rxf2 gxf5 22. Rxf5 Rc2 23. Rf2 Rxf2 24. Kxf2 Rg8 25. Kf3 Rg6 26. g4 Rc6 27. Rd1 Ba3 28. Ke4 Rc2 29. Rd2 Rc3 30. Re2 Be7 31. Bd4 Rc1 32. Be3 Rc3 33. Bd4 Rc1 34. Be3 Rf1 35. Rc2 f6 36. Rf2 Rxf2 37. Bxf2 Kf7 38. exf6 Bxf6 39. Kd5 Be7 40. Bc5 Bd8 41. Bd6 Kg6 42. Bg3 Be7 43. h4 Kf7 44. h5 Bb4 45. Bf4 Kf6 46. Be3 Be7 47. g5+ Kf5 48. g6 hxg6 49. h6 Bf6 50. h7 g5 51. Bd4 Kg6 52. Bxf6 Kxh7 53. Bxg5 Kg6 54. Bd2 Kf5 55. Kd6 Ke4 56. Kxd7 Kd3 57. Ba5 Kc2 58. Kc6 Kb2 59. b4 Kxa2 1-0

[Event "45th FIDE Olympiad 2024"]
[Site "Budapest"]
[Date "2024.09.12"]
[Round "2.13"]
[White "Ding, Liren"]
[Black "Henriquez Villagra, Cristobal"]
[Result "1/2-1/2"]
[ECO "B62"]
[WhiteElo "2736"]
[BlackElo "2604"]
[Annotator "TA"]
[PlyCount "65"]
[EventDate "2024.09.05"]
[EventType "team-tourn"]
[EventCountry "HUN"]
[SourceTitle "playchess.com"]
[Source "ChessBase"]
[SourceQuality "1"]
[WhiteTeam "China"]
[BlackTeam "Chile"]
[WhiteTeamCountry "CHN"]
[BlackTeamCountry "CHI"]
[TimeControl "40/5400+30:1800+30"]

1. e4 c5 2. Nf3 d6 3. d4 cxd4 4. Nxd4 Nf6 5. Nc3 Nc6 6. Bg5 e6 7. Qd3 Bd7 8. O-O-O a6 9. f4 Qc7 10. Kb1 {[%emt 0:06:00] White is more active.} Be7 11. Nf3 Rd8 12. Qd2 {[%emt 0:11:11] White is slightly better.} b5 13. Bd3 b4 14. Ne2 a5 15. Ng3 a4 16. Bxf6 $1 Bxf6 17. Nh5 a3 18. Nxf6+ gxf6 19. b3 Qa5 20. Rhe1 Qc5 21. Bc4 Bc8 22. Re3 h5 23. Rd3 Ke7 24. Nd4 (24. e5 {looks sharper.} fxe5 25. fxe5 d5 26. Nd4) 24... Nxd4 25. Rxd4 Bb7 (25... Rhg8 $11 {was preferrable.}) 26. Be2 (26. g3 $16) 26... Qc3 $11 27. Qc1 $36 {[%emt 0:01:29][%mdl 2048] Repels Qb2+. White is more active.} d5 {[%emt 0:00:31] Prevents Rc4.} 28. exd5 Bxd5 29. R1d3 Qc5 30. Qd2 (30. Qe3 $5) 30... Rb8 31. f5 Rhg8 32. g3 (32. Bxh5 $2 {is the wrong capture.} Rxg2 33. Rxd5 Qg1+ 34. Qd1 Qxd1+ (34... exd5 $2 35. Bf3 $19) 35. Bxd1 exd5 $19) 32... Rg5 33. fxe6 {[%emt 0:07:27] Weighted Error Value: White=0.11 (very precise) /Black=0.15 (very precise) .  Mistake:       	White=1     	Black=1      Inaccurate:     	White=4     	Black=3      OK:         	White=8     	Black=7      Best:        	White=1     	Black=1      Strong:       	White=1     	---} 1/2-1/2

[Event "45th FIDE Olympiad 2024"]
[Site "Budapest"]
[Date "2024.09.12"]
[Round "2.13"]
[White "Mathurin, Nathaniel"]
[Black "Ferster, Fabian"]
[Result "1/2-1/2"]
[ECO "D85"]
[WhiteElo "1982"]
[BlackElo "2184"]
[Annotator "ChessBase"]
[PlyCount "76"]
[EventDate "2024.09.05"]
[EventType "team-tourn"]
[EventCountry "HUN"]
[SourceTitle "playchess.com"]
[Source "ChessBase"]
[SourceQuality "1"]
[WhiteTeam "Saint Lucia"]
[BlackTeam "Liechtenstein"]
[BlackTeamCountry "LIE"]
[TimeControl "40/5400+30:1800+30"]

1. d4 Nf6 2. Nf3 g6 3. c4 Bg7 4. Nc3 d5 5. h3 O-O 6. cxd5 Nxd5 7. e4 Nxc3 8. bxc3 c5 9. Be2 Nc6 10. Be3 cxd4 11. cxd4 Qa5+ 12. Bd2 Qa3 13. d5 Ne5 14. Nxe5 Bxe5 15. O-O Bd7 16. Rb1 Ba4 17. Qc1 Qxa2 18. Bc4 Qc2 19. Qxc2 Bxc2 20. Rxb7 Rfc8 21. Ba6 Bd6 22. Re1 Rcb8 23. e5 Ba3 24. Re3 Rxb7 25. Bxb7 Rb8 26. Bc6 Rb3 27. Rxb3 Bxb3 28. Bf4 f6 29. d6 exd6 30. exd6 Bb4 31. Bb5 Kf7 32. d7 Ba5 33. Be3 a6 34. Bxa6 Ba4 35. Bc8 Bd8 36. Bd4 Ke6 37. Bb6 Bxd7 38. Bxd8 Bxc8 1/2-1/2